 Dungeon Crawl Stone Soup version 0.18-a0-1570-gf60b0ab (webtiles) character file.

53 HandofTrog the Ruffian (level 3, 0/39 HPs)
             Began as a Troll Monk on Mar 14, 2016.
             Slain by a hobgoblin
             ... wielding a +0 club
             ... led by Robin
              (7 damage)
             ... on level 2 of the Dungeon.
             The game lasted 00:03:28 (938 turns).

HandofTrog the Ruffian (Troll Monk)                  Turns: 938, Time: 00:03:29

Health: 0/39       AC:  5    Str: 19    XL:     3   Next: 64%
Magic:  2/2        EV: 10    Int: 11    God:
Gold:   71         SH:  0    Dex: 13    Spells: 0 memorised, 2 levels left

rFire  . . .     SeeInvis .       - Unarmed
rCold  . . .     Gourm    +     a - +0 robe
rNeg   . . .     Faith    .     (no shield)
rPois  .         Spirit   .     (helmet restricted)
rElec  .         Dismiss  .     (no cloak)
rCorr  .         Reflect  .     (gloves unavailable)
SustAt .         Harm     .     (boots unavailable)
MR     .....                    (no amulet)
Stlth  +.........               (no ring)
                                (no ring)

@: brilliant, not resistant to hostile enchantments, very unstealthy
A: unfitting armour, claws 3, fast metabolism 3, gourmand, regeneration 2,
shaggy fur 1, tough skin 2
a: no special abilities


You were on level 2 of the Dungeon.
You were not hungry.

You visited 1 branch of the dungeon, and saw 2 of its levels.

You collected 71 gold pieces.

Inventory:

Missiles
 e - 40 stones (quivered)
 n - 4 javelins
Armour
 a - a +0 robe (worn)
Scrolls
 d - a scroll of remove curse {unknown}
 g - 2 scrolls of enchant armour {unknown}
 i - a scroll of amnesia {unknown}
 j - a scroll of magic mapping {unknown}
 l - a scroll of teleportation {unknown}
Potions
 c - a potion of heal wounds {unknown}
 f - a potion of agility {unknown}
 m - a potion of cancellation
Comestibles
 b - 2 bread rations
 h - a meat ration


   Skills:
 + Level 3.8 Fighting
 - Level 2.4 Dodging
 - Level 1.1 Stealth
 - Level 4.0 Unarmed Combat


You had 2 spell levels left.
You didn't know any spells.

Dungeon Overview and Level Annotations

Branches:
Dungeon (2/15)

Altars:

Annotations:
D:2 Robin


Innate Abilities, Weirdness & Mutations

You are too large for most types of armour.
You have claws for hands.
Your metabolism is lightning-fast.
You like to eat raw meat.
You heal very quickly.
You are covered in fur (AC +1).
You have very tough skin (AC +2).


Message History

The goblins go into a battle-frenzy!
Robin hits you with a mace. The goblin barely misses you.
You claw Robin!
Robin is almost dead.
The hobgoblin hits you with a club. The goblin closely misses you.
The goblin hits you but does no damage. Robin hits you with a mace.
* * * LOW HITPOINT WARNING * * *
The goblin closely misses you. The goblin hits you with a club.
* * * LOW HITPOINT WARNING * * *
Drink which item? (? for menu, Esc to quit)
It was a potion of cancellation.
You feel magically purged. The hobgoblin barely misses you.
The goblin hits you with a club.
* * * LOW HITPOINT WARNING * * *
The goblin closely misses you. The goblin hits you but does no damage.
The goblin closely misses you.
Drink which item? (? for menu, Esc to quit)
It was a potion of brilliance.
You feel clever all of a sudden. The hobgoblin hits you with a club!
You die...

.......#..#......#
#.......[#.g#.g....#
#.........#.....>...#
#.#####.......##.####
#. ######(....# #
#....## ##g.##
#####gg####
#..g@gg...#
#!.ggg....#
#.........#
###########


You could see Robin, 2 hobgoblins and 6 goblins.

Vanquished Creatures
  An adder (D:2)
  A worm (D:2)
  A giant gecko (D:2)
  3 bats (D:1)
  A giant cockroach (D:1)
  6 goblins
  7 hobgoblins
  4 jackals (D:1)
  4 kobolds
  3 giant newts
  4 rats
35 creatures vanquished.

Notes
Turn   | Place    | Note
--------------------------------------------------------------
     0 | D:1      | HandofTrog the Troll Monk began the quest for the Orb.
     0 | D:1      | Reached XP level 1. HP: 22/22 MP: 0/0
    63 | D:1      | Reached XP level 2. HP: 27/29 MP: 1/1
   734 | D:2      | Reached XP level 3. HP: 29/37 MP: 2/2
   902 | D:2      | Noticed Robin
   938 | D:2      | Slain by a hobgoblin

Vault maps used:
D:1:      roderic_crop_circles_arrival_small
D:2:      nicolae_tso_carved_into_rock, uniq_robin, uniq_crazy_yiuf_cottage

Skill      XL: |  1  2 |
---------------+-------+-----
Fighting       | 3 |  3.8
Dodging        | |  2.4
Stealth        | |  1.1
Unarmed Combat | |  4.0

Action                   || total
-------------------------++-------
Melee: Unarmed           ||   103
  Use: Potion            ||     2
 Stab: Sleeping          ||     1
  Eat: Chunk             ||     9
